 Seeded DCSS version 0.30.1-4-g462c640d31 (webtiles) character file.

Game seed: 11675102324532518072 (custom seed)

1028 Mune the Destroyer (level 8, -4/41 HPs)
             Began as a Gargoyle Fire Elementalist on Aug 22, 2023.
             Was an Initiate of Vehumet.
             Slain by a yak (9 damage)
             ... on level 5 of the Dungeon.
             The game lasted 00:10:38 (7302 turns).

Mune the Destroyer (Gargoyle Fire Elementalist)     Turns: 7302, Time: 00:10:39

Health: -4/41      AC:  7    Str: 12    XL:     8   Next: 23%
Magic:  4/11       EV: 11    Int: 18    God:    Vehumet [......]
Gold:   297        SH:  0    Dex: 10    Spells: 8/11 levels left

rFire   + . .        i - staff of fire
rCold   . . .        (no shield)
rNeg    + + .        a - +0 robe
rPois   ∞            (no helmet)
rElec   +            k - scarf {shadows}
rCorr   .            (no gloves)
SInv    .            (no boots)
Will    .....        (no amulet)
Stlth   ++           l - ring of positive energy
HPRegen 0.26/turn    (no ring)
MPRegen 0.12/turn

%: no passive effects
@: no status effects
A: sickness immunity, AC +5, negative energy resistance 1, electricity
resistance, torment resistance 1, petrification resistance
a: Renounce Religion


You were on level 5 of the Dungeon.
You worshipped Vehumet.
Vehumet was noncommittal.
You visited 2 branches of the dungeon, and saw 7 of its levels.

You collected 297 gold pieces.

Inventory:

Hand Weapons
 j - a +0 vampiric whip
 u - the +5 short sword "Mitwanarr" {drain, rCorr}
   (You found it on level 3 of the Dungeon)

   rCorr:     It protects you from acid and corrosion.
Armour
 a - a +0 robe (worn)
 k - a scarf of shadows (worn)
Magical Staves
 i - a staff of fire (weapon)
Jewellery
 l - a ring of positive energy (left hand)
Wands
 s - a wand of flame (25)
 v - a wand of acid (8)
 w - a wand of paralysis (9)
Scrolls
 c - 3 scrolls of blinking
 d - 3 scrolls of teleportation
 f - a scroll of amnesia
 h - 4 scrolls of magic mapping
 n - a scroll of enchant armour
 p - 2 scrolls of fear
 t - a scroll of vulnerability
 x - a scroll of immolation {unknown}
Potions
 b - 2 potions of magic
 e - 2 potions of curing
 g - a potion of attraction {unknown}
 m - a potion of heal wounds {unknown}
 o - 2 potions of lignification {unknown}
 q - 2 potions of ambrosia {unknown}
 r - 2 potions of brilliance


   Skills:
 - Level 1.5 Dodging
 - Level 2.1 Stealth
 - Level 2.0 Spellcasting
 + Level 10.2 Conjurations
 - Level 3.0 Fire Magic


You had 8 spell levels left.
You knew the following spells:

 Your Spells              Type           Power      Damage    Failure   Level
a - Foxfire               Conj/Fire      100%       2x1d9     1%          1
b - Scorch                Fire           36%        2d6       8%          2

Your spell library contained the following spells:

 Spells                   Type           Power      Damage    Failure   Level
 Flame Wave               Conj/Fire      38%        2d10      12%         4
 Inner Flame              Hex/Fire       10%        N/A       28%         3
 Volatile Blastmotes      Fire/Tloc      20%        2d11      28%         3
 Ignite Poison            Fire/Tmut/Pois 8%         N/A       34%         3
 Call Canine Familiar     Summ           1%         N/A       47%         3
 Portal Projectile        Hex/Tloc       2%         N/A       47%         3
 Freezing Cloud           Conj/Ice/Air   7%         6-21      77%         5
 Leda's Liquefaction      Hex/Erth       0%         N/A       87%         4
 Cigotuvi's Dreadful Rot  Necr/Pois/Air  Unusable   N/A       N/A         2

Dungeon Overview and Level Annotations

Branches:
Dungeon (6/15)             Temple (1/1) D:5

Altars:
Dithmenos
Nemelex Xobeh
Okawaru
Sif Muna
Trog
Vehumet
Xom

Shops:
D:2 [   D:3 (   D:6 [


Innate Abilities, Weirdness & Mutations

You are immune to sickness and miasma.
Your stone body is resilient. (AC +5)
You are immune to poison.
You resist negative energy. (rN+)
You are resistant to electric shocks. (rElec)
You are resistant to unholy torment.
You are immune to petrification.


Message History

You feel a surge of power!
You conjure some foxfire!
The foxfire hits the yak.
The yak is moderately wounded.
The foxfire hits the yak.
The yak is moderately wounded.
The yak gores you!
You closely miss the yak.
The yak is moderately wounded.
The foxfire hits the yak.
The yak is heavily wounded.
The yak gores you but does no damage.
Casting: Foxfire (safe; 1% risk of failure)
Confirm with . or Enter, or press ? or * to list all spells.
You feel a surge of power!
You conjure some foxfire!
The yak gores you but does no damage.
You hit the yak but do no damage.
The yak is heavily wounded.
The foxfire hits the yak!
The yak is severely wounded.
The foxfire hits the yak!
The yak is almost dead.
The yak gores you!
Casting: Foxfire (safe; 1% risk of failure)
Confirm with . or Enter, or press ? or * to list all spells.
You feel a surge of power!
You conjure some foxfire!
The yak completely misses you.
You hit the yak but do no damage.
The yak is almost dead.
The foxfire hits the yak but does no damage.
The yak is almost dead.
The foxfire hits the yak.
The yak is almost dead.
The yak gores you!
* * * LOW HITPOINT WARNING * * *
Okay, then.
You feel better. The yak gores you.
* * * LOW HITPOINT WARNING * * *
Casting: Foxfire (safe; 1% risk of failure)
Confirm with . or Enter, or press ? or * to list all spells.
You feel a surge of power!
You conjure some foxfire!
The yak gores you!
You die...

#.## #.....##........####
#.# ##....###...........##
##.# ##....##
#.....#......## #.##
#....## ##....##...#...##
#.# ##....#
#.....###..#..##.
#.###.....# ##.....#
#....#...
##..#....####......#
#...#.###
##......##.Y.v....#
#....## #
##........v@#....###....#
#..#.....#####...#.....###
#.###...## ##..........##
##.# ##..## ##...........
#..# ##..# ##...##.......
#.## #..## #...#####.....
#.# ##..####..## ###...
##.# #...##..## ##.. #.##
#...#...# #####..#


You could see a yak (ally target).

Vanquished Creatures
  Grinder (D:3)
  A yak (D:5)
  A sky beast (D:5)
  A black bear (D:5)
  An ogre (D:5)
  A scorpion (D:4)
  3 hounds
  A jelly (D:5)
  An iguana (D:5)
  An orc wizard (D:5)
  3 gnolls (D:4)
  7 adders
  A worm (D:4)
  A dart slug (D:4)
  7 orcs
  6 ball pythons
  2 bats
  8 endoplasms
  4 giant cockroaches
  2 goblins
  9 hobgoblins
  3 jackals (D:3)
  6 quokkas
  4 frilled lizards
  8 kobolds
  5 rats
88 creatures vanquished.

Vanquished Creatures (others)
  502 foxfires
502 creatures vanquished.

Grand Total: 590 creatures vanquished

Notes
Turn   | Place    | Note
-------+----------+-------------------------------------------
     0 | D:1      | Mune the Gargoyle Fire Elementalist began the quest for the
                  | Orb.
     0 | D:1      | Reached XP level 1. HP: 10/10 MP: 3/3
   202 | D:1      | Reached skill level 2 in Conjurations
   236 | D:1      | Reached XP level 2. HP: 15/15 MP: 0/5
  1211 | D:2      | Found Yguiled's Antique Armour Shoppe.
  1303 | D:2      | Reached skill level 3 in Conjurations
  1409 | D:2      | Reached XP level 3. HP: 19/19 MP: 0/6
  1882 | D:2      | Found an iron altar of Okawaru.
  1944 | D:2      | You fall into a shaft and drop 1 floor!
  2096 | D:2      | Identified the +0 leather armour "Daly" {rPois rCorr}
  2142 | D:2      | Reached skill level 4 in Conjurations
  2703 | D:3      | Learned a level 2 spell: Scorch
  2722 | D:3      | Noticed Grinder
  2723 | D:3      | Paralysed by Grinder for 4 turns
  2732 | D:3      | Paralysed by Grinder for 4 turns
  2740 | D:3      | Paralysed by Grinder for 2 turns
  2747 | D:3      | Killed Grinder
  2748 | D:3      | Reached skill level 6 in Conjurations
  2748 | D:3      | Reached XP level 4. HP: 8/24 MP: 0/7
  2748 | D:3      | Reached XP level 5. HP: 10/28 MP: 0/8
  2748 | D:3      | Reached XP level 6. HP: 11/32 MP: 0/9
  2882 | D:3      | Found Niqaelit's Antique Weapon Shoppe.
  3450 | D:3      | Identified the +5 short sword "Mitwanarr" {drain, rCorr}
  3925 | D:4      | Reached skill level 7 in Conjurations
  5090 | D:5      | Entered Level 5 of the Dungeon
  5108 | D:5      | Reached skill level 8 in Conjurations
  5108 | D:5      | Reached XP level 7. HP: 36/36 MP: 4/10
  5765 | D:5      | Reached skill level 9 in Conjurations
  6228 | D:5      | Reached XP level 8. HP: 41/41 MP: 4/11
  6285 | D:5      | Found a staircase to the Ecumenical Temple.
  6303 | Temple   | Entered the Ecumenical Temple
  6356 | Temple   | Became a worshipper of Vehumet
  7053 | D:6      | Found Fuwuam's Antique Armour Boutique.
  7057 | D:6      | Identified a scroll of acquirement
  7057 | D:6      | Acquired a staff of fire
  7157 | D:6      | Noticed a yak
  7172 | D:5      | Killed a yak
  7173 | D:5      | Reached skill level 10 in Conjurations
  7283 | D:6      | Noticed a yak
  7289 | D:6      | Noticed a yak
  7291 | D:6      | Noticed a yak
  7302 | D:5      | Slain by a yak

Illustrated notes

Levels and vault maps discovered:
D:1:      elethiomel_arrival_quiet, layout_loops_ring
D:2:      layout_loops_ring, serial_shops, nicolae_shop_advertising_works
          [nicolae_subvault_shop_adworks], basic_altar, st_stairs_2,
          glass_columns_b
D:3:      layout_basic, serial_shops, nicolae_shop_tiny_glass,
          minmay_pentomino_pile, uniq_grinder
D:4:      layout_loops_cross, chequers_garden
D:5:      layout_layer_cave, minmay_temple_entry_antechambers,
          gup_sewer_entry_bowl
D:6:      layout_loops_ring, serial_shops, shop, kennysheep_generic_room_4
Temple:   mainiacjoe_temple_circle_huts

Skill      XL: |  1  2  3  4  5  6  7  8 |
---------------+-------------------------+-----
Conjurations   | 2 3 6 8 9 10 | 10.2
Dodging        | |  1.5
Stealth        | |  2.1
Spellcasting   | |  2.0
Fire Magic     | |  3.0

Action                     |  1- 3 |  4- 6 |  7- 9 || total
---------------------------+-------+-------+-------++-------
  Melee: Whip              |     9 |       |       ||     9
         Staff             |       |       |     4 ||     4
   Cast: Foxfire           |   138 |    86 |   105 ||   329
    Use: Scroll            |     4 |     7 |     2 ||    13
         Potion            |     3 |       |     1 ||     4
 Armour: Robe              |    14 |     5 |     6 ||    25
  Dodge: Dodged            |    21 |     9 |     4 ||    34
